Cogmind - Beta 13 @@@ ROGUE MODE // 2024.05.05 @ 10:51:13 Player: orthostice Result: Destroyed by B-86 Titan with Railgun Performance ------------- Evolutions (5) 2500 Regions Visited (10) 2000 Robots Destroyed (89) 445 Value Destroyed (2309) 2309 Prototype IDs (7) 140 Alien Tech Used (0) 0 Bonus (2147) 2147 TOTAL SCORE: 9541 Bonus ------- High Alert Combat Kills 80 Follower Combat Kills 33 Met Warlord at Base 500 MAIN.C Attacked Warlord 500 Warlord Defense Kills 1034 Cogmind --------- Core Integrity 0/1000 Matter 191/300 Energy 310/310 System Corruption 16% Temperature Cool (84) Movement Core (350) Ox6 Location -5/Warlord Parts ------- > --- POWER (2) -------- Reinforced Fission Core > --- PROPULSION (6) --- (None) > --- UTILITY (7) ------ Hacking Suite Hacking Suite > --- WEAPON (2) ------- (None) > --- INVENTORY (5) ---- Combat Gravmag System Backup Laser III Backup Laser III Katana Ripper Peak State ------------ > --- POWER ------------ Backup Power III Light Fission Core > --- PROPULSION ------- Carbon-fiber Leg Carbon-fiber Leg Carbon-fiber Leg Flexi-carbon Leg Makeshift Hover Unit Makeshift Hover Unit > --- UTILITY ---------- Improved Heat Sink Structural Scanner ECM Suite Makeshift Ablative Armor Hacking Suite Hacking Suite Hacking Suite > --- WEAPON ----------- Helical Railgun Thermoblaster > --- INVENTORY -------- Combat Gravmag System Backup Laser III Backup Laser III Katana [Rating: 68] Favorites ----------- Power Ion Engine Engine Ion Engine Power Core Light Fission Core Propulsion Aluminum Leg Treads Light Treads Leg Aluminum Leg Wheel Wheel Hover Unit Makeshift Hover Unit Flight Unit Cesium-ion Thruster Utility Hacking Suite Device Structural Scanner Storage Large Storage Unit Hackware Hacking Suite Protection Layered Light Armor Plating Weapon Particle Gun Energy Gun Particle Gun Ballistic Gun Light Assault Rifle Ballistic Cannon Heavy Autocannon Launcher Grenade Launcher Slashing Weapon Katana Build | -11 -10 -10 -9 -8 -7 -6 -5 -5 -5 -5 ------- Run | Yrd Mat Min Mat Mat Fac Fac Fac Upp Upp War Slots Evolved 10 | . . . 2 2 2 2 2 . . . Power 1 | . . . . . . 1 . . . . Propulsion 4 | . . . 2 . . 1 1 . . . Utility 5 | . . . . 2 2 . 1 . . . Weapon . | . . . . . . . . . . . Parts Attached 116 | 6 10 2 12 33 11 12 1 4 . 25 Power 16 | 1 2 . 2 2 1 3 . 3 . 2 Engine 8 | 1 2 . 2 1 . 1 . . . 1 Core 8 | . . . . 1 1 2 . 3 . 1 Reactor . | . . . . . . . . . . . Propulsion 46 | 2 3 . 6 14 5 2 . 1 . 13 Treads 4 | 2 1 . . . . . . . . 1 Leg 12 | . 2 . 3 . . . . . . 7 Wheel 3 | . . . 3 . . . . . . . Hover 5 | . . . . . . . . . . 5 Flight 22 | . . . . 14 5 2 . 1 . . Utility 21 | 1 2 1 1 8 2 3 1 . . 2 Device 9 | . . 1 . 4 2 1 . . . 1 Storage 3 | 1 2 . . . . . . . . . Processor . | . . . . . . . . . . . Hackware 4 | . . . . 2 . 1 1 . . . Protection 5 | . . . 1 2 . 1 . . . 1 Artifact . | . . . . . . . . . . . Weapon 33 | 2 3 1 3 9 3 4 . . . 8 Energy Gun 5 | 1 2 . . . . . . . . 2 Energy Cannon . | . . . . . . . . . . . Ballistic Gun 14 | 1 . 1 3 4 2 2 . . . 1 Ballistic Cannon 2 | . . . . . . 1 . . . 1 Launcher 6 | . 1 . . 1 . 1 . . . 3 Special Weapon . | . . . . . . . . . . . Impact Weapon . | . . . . . . . . . . . Slashing Weapon 6 | . . . . 4 1 . . . . 1 Piercing Weapon . | . . . . . . . . . . . Special Melee Weapon . | . . . . . . . . . . . Unidentified Prototypes 5 | . . 1 . 2 . . . . . 2 Corrupted Parts 2 | . . . . . . . . . . 2 System Corruption 9 | . . . . . . . . . . 9 Parts Lost 44 | . 4 1 5 6 . 2 . 4 . 22 Power 7 | . 2 . 1 1 . . . . . 3 Propulsion 22 | . 1 . 4 4 . 1 . 3 . 9 Utility 7 | . . . . . . 1 . 1 . 5 Weapon 8 | . 1 1 . 1 . . . . . 5 Highest Loss Streak 19 | . 3 1 3 5 . 1 . 4 . 19 To Critical Strikes . | . . . . . . . . . . . Average Slot Usage (%) 83 | . 82 85 85 94 88 90 . 59 58 79 Engine 8 | . 11 14 11 2 . 3 . . . 3 Core 1 | . . . . 5 7 4 . 3 5 4 Treads 4 | . 11 . . . . . . . . . Leg 13 | . 16 28 27 . . . . . . 2 Hover 1 | . . . . . . . . . . 8 Flight 9 | . . . . 33 30 31 . 16 17 13 Device 5 | . . . 2 16 11 12 . 11 11 10 Storage 8 | . 13 14 11 . . . . . . . Hackware 6 | . . . . 17 15 17 . 18 17 16 Protection 3 | . . . 8 1 7 5 . 5 5 4 Energy Gun 7 | . 14 14 . . . . . . . 8 Ballistic Gun 8 | . 5 4 21 9 7 5 . . . . Launcher 3 | . 8 8 . . . . . . . . Slashing Weapon 1 | . . . . 6 6 6 . . . . Naked Turns . | . . . . . . . . . . . Heaviest Build 149 | 12 149 33 33 32 20 25 19 19 14 56 Greatest Support 65 | 40 40 20 40 30 20 25 20 20 17 65 Greatest Overweight (x) 18 | . 14 1 3 2 . . . 1 . 18 Average Overweight (x) . | . 1 1 . . . . . . . . Largest Inventory Capacity 30 | 8 30 15 15 15 5 5 5 5 5 5 Average Capacity 13 | 7 21 15 15 5 5 5 5 5 5 5 Most Carried 15 | 5 12 15 15 15 5 5 3 5 5 5 Average Carried 8 | 2 7 13 14 5 4 3 3 4 5 4 Final Capacity 15 | 8 15 15 15 5 5 5 5 5 5 5 Final Carried 15 | 4 12 13 15 5 5 4 3 5 5 5 Class Distribution -------------------- 42% | Mutant 17% | Hauler-Mutant 14% | Hacker-Sprinter 11% | Hacker-Mutant 8% | Scavenger-Sprinter 6% | Scavenger-Mutant Dominant Class ---------------- Mutant | -10/Materials Mutant | -10/Mines Mutant | -9/Materials Scavenger-Sprinter | -8/Materials Hacker-Sprinter | -7/Factory Hacker-Sprinter | -6/Factory Hacker-Sprinter | -5/Factory Hacker-Sprinter | -5/Upper Caves Hacker-Sprinter | -5/Upper Caves Hacker-Mutant | -5/Warlord Resources | -11 -10 -10 -9 -8 -7 -6 -5 -5 -5 -5 ----------- Run | Yrd Mat Min Mat Mat Fac Fac Fac Upp Upp War Matter Collected 2010 | 259 191 55 426 391 36 209 . 47 . 396 Remotely . | . . . . . . . . . . . Salvage Created 2270 | . 529 86 797 402 43 209 . . . 204 Parts 181 | . 51 15 66 33 4 10 . . . 2 Haulers Intercepted 5 | . 2 . 3 . . . . . . . Recyclers Shooed 2 | . 1 . . 1 . . . . . . Parts Field Recycled . | . . . . . . . . . . . Retrieved Matter . | . . . . . . . . . . . Parts Self-Destructed . | . . . . . . . . . . . Prevented . | . . . . . . . . . . . Kills | -11 -10 -10 -9 -8 -7 -6 -5 -5 -5 -5 ------- Run | Yrd Mat Min Mat Mat Fac Fac Fac Upp Upp War Combat Hostiles Destroyed 65 | . 13 8 18 15 2 3 . . . 6 Melee 11 | . . . . 8 . 3 . . . . Guns 36 | . 7 1 18 7 2 . . . . 1 Cannons 2 | . . . . . . . . . . 2 AOE 15 | . 6 7 . . . . . . . 2 Classes Destroyed 13 | . 7 . 1 2 . . . . . 3 Worker 2 | . 1 . 1 . . . . . . . Builder 5 | . 4 . 1 . . . . . . . Hauler 5 | . 2 . 3 . . . . . . . Operator 8 | . 3 . 2 1 1 1 . . . . Watcher 4 | . 2 . 2 . . . . . . . Swarmer 30 | . 6 6 8 8 2 . . . . . Cutter 2 | . . . . 2 . . . . . . Grunt 18 | . 7 2 5 2 . 1 . . . 1 Sentry 9 | . . . 5 2 . 2 . . . . Hunter 1 | . . . . 1 . . . . . . Programmer 3 | . . . . . . . . . . 3 Striker 1 | . . . . . . . . . . 1 Executioner 1 | . . . . . . . . . . 1 Best Kill Streak 4 | . 4 3 3 4 2 1 . . . 2 Combat Bots Only 4 | . 4 3 3 4 2 1 . . . 2 Max Kills in Single Turn 3 | . 1 3 1 1 1 1 . . . 1 Gunslinging . | . . . . . . . . . . . Exploded 3 | . 1 3 . . . . . . . 1 Melee 1 | . . . . 1 . 1 . . . . Uniques/NPCs Destroyed . | . . . . . . . . . . . Combat | -11 -10 -10 -9 -8 -7 -6 -5 -5 -5 -5 -------- Run | Yrd Mat Min Mat Mat Fac Fac Fac Upp Upp War Hostile Shots Fired 636 | . 101 13 114 82 17 81 . 11 . 217 Missed 217 | . 27 7 32 26 4 39 . 3 . 79 Damage Taken 6708 | . 734 148 924 854 188 388 . 151 . 3321 Core 1729 | . 81 59 162 344 . 65 . . . 1018 Absorbed by Shields 52 | . . . . . . 52 . . . . Redirected to Shielding 31 | . . . 31 . . . . . . . Regen/Repaired (Parts) 144 | . . . . 62 . 65 . . . 17 Core Remaining (%) 72 | 100 . 44 59 37 100 92 . . . . Volleys Fired 210 | . 77 11 69 13 6 3 . . . 31 Largest 2 | . 2 1 2 2 2 1 . . . 2 Hottest 298 | . 105 65 85 50 50 39 . . . 298 Shots Fired 329 | . 111 11 138 20 12 3 . . . 34 Gun 294 | . 103 5 138 20 12 . . . . 16 Cannon 5 | . . . . . . . . . . 5 Launcher 30 | . 8 6 . . . 3 . . . 13 Special . | . . . . . . . . . . . Kinetic 204 | . 28 . 133 20 12 . . . . 11 Thermal 98 | . 75 5 5 . . . . . . 13 Explosive 27 | . 8 6 . . . 3 . . . 10 Electromagnetic . | . . . . . . . . . . . Robot Hit Streak 14 | . 8 6 14 8 3 2 . . . 7 Robot Miss Streak 6 | . 5 2 5 1 4 . . . . 6 Penetration Max 1 | . . . . . . . . . . 1 Secondary Targets 2 | . 1 . 1 . . . . . . . Max Gunslinging Chain 1 | . 1 . 1 . . . . . . . Shots Hit Robots 250 | . 70 7 88 39 9 16 . . . 21 Core Hits 140 | . 39 10 48 18 3 10 . . . 12 Critical Kills 2 | . 1 . . 1 . . . . . . Critical Parts Destroyed 3 | . . . 2 1 . . . . . . Critical Strikes 11 | . 3 1 2 4 . 1 . . . . Burn 3 | . 2 1 . . . . . . . . Destroy 5 | . 1 . 2 2 . . . . . . Sever 3 | . . . . 2 . 1 . . . . Melee Attacks 80 | . . . . 44 3 33 . . . . Impact . | . . . . . . . . . . . Slashing 80 | . . . . 44 3 33 . . . . Piercing . | . . . . . . . . . . . Sneak Attacks 3 | . . . . 1 1 1 . . . . Combat Hostiles . | . . . . . . . . . . . Follow-up Attacks . | . . . . . . . . . . . Damage Inflicted 6240 | . 1159 458 1258 1031 203 939 . . . 1192 Guns 2879 | . 802 82 1237 244 130 . . . . 384 Cannons 376 | . . . . . . . . . . 376 Explosions 1570 | . 355 376 . . . 407 . . . 432 Melee 1390 | . . . . 785 73 532 . . . . Ramming 25 | . 2 . 21 2 . . . . . . Kinetic 2304 | . 178 . 1163 244 130 . . . . 589 Thermal 1227 | . 624 82 74 . . . . . . 447 Explosive 1294 | . 355 376 . . . 407 . . . 156 Electromagnetic . | . . . . . . . . . . . Impact . | . . . . . . . . . . . Slashing 1390 | . . . . 785 73 532 . . . . Piercing . | . . . . . . . . . . . Highest Corruption 16 | . . . . 2 . . . . . 16 Average Corruption 4 | . . . . 2 . . . . . 10 Corruption Purged . | . . . . . . . . . . . Corruption Blocked . | . . . . . . . . . . . Effects 8 | . . . . 2 . . . . . 6 Message Errors 1 | . . . . . . . . . . 1 Matter Fused 3 | . . . . 1 . . . . . 2 Data Loss (minor) 2 | . . . . 1 . . . . . 1 Data Loss (major) 1 | . . . . . . . . . . 1 Alerts 1 | . . . . . . . . . . 1 Overload Shots . | . . . . . . . . . . . Overflow Damage 225 | . 19 . . 63 33 28 . . . 82 Projectiles 38 | . . . . . . . . . . 38 Explosions 63 | . 19 . . . . . . . . 44 Melee 124 | . . . . 63 33 28 . . . . Knockbacks 1 | . . . . . . . . . . 1 Impact . | . . . . . . . . . . . Kinetic 1 | . . . . . . . . . . 1 Secondary . | . . . . . . . . . . . Self-Inflicted Damage 51 | . . 50 . 1 . . . . . . Shots 2 | . . 2 . . . . . . . . Rammed 1 | . . . . 1 . . . . . . Targets Rammed 8 | . 3 . 4 1 . . . . . . Kicked 7 | . 3 . 4 . . . . . . . Crushed . | . . . . . . . . . . . Highest Temperature 335 | . 335 165 98 14 . 192 . . . 272 Average Temperature 61 | . 58 87 27 2 . 65 . . . 134 Received Heat Transfer 1089 | . 270 54 216 180 . 180 . 24 . 165 Effects 1 | . 1 . . . . . . . . . Energy Bleed 1 | . 1 . . . . . . . . . Siege Activations . | . . . . . . . . . . . Robots Corrupted . | . . . . . . . . . . . Combat Hostiles . | . . . . . . . . . . . Parts Fried . | . . . . . . . . . . . Impact Corruptions . | . . . . . . . . . . . Robots Melted 1 | . . . . . . . . . . 1 Combat Hostiles 1 | . . . . . . . . . . 1 Parts Melted 3 | . 3 . . . . . . . . . Heat Transferred 2633 | . 1622 259 185 . . . . . . 567 Parts Sabotaged . | . . . . . . . . . . . Parts Stolen . | . . . . . . . . . . . Parts Stripped . | . . . . . . . . . . . Power Chain Reactions 2 | . . . . . . 2 . . . . Alert | -11 -10 -10 -9 -8 -7 -6 -5 -5 -5 -5 ------- Run | Yrd Mat Min Mat Mat Fac Fac Fac Upp Upp War Peak Influence 517 | . 272 292 468 502 368 517 145 . . . Initial 218 | . . 64 113 152 218 179 145 . . . Average 227 | . 127 232 343 335 324 266 145 . . . Maximum Alert Level 2 | . 1 1 2 2 1 2 . . . . Low Security (%) 42 | 100 72 27 12 17 . 26 100 . . . Level 1 44 | . 27 72 54 46 100 65 . . . . Level 2 12 | . . . 33 36 . 7 . . . . Level 3 . | . . . . . . . . . . . Level 4 . | . . . . . . . . . . . Level 5 . | . . . . . . . . . . . High Security . | . . . . . . . . . . . Max Security . | . . . . . . . . . . . Squads Dispatched 16 | . 3 . 3 3 2 5 . . . . Investigation 6 | . . . 1 . 2 3 . . . . Extermination . | . . . . . . . . . . . Reinforcement 9 | . 3 . 2 3 . 1 . . . . Assault . | . . . . . . . . . . . Garrison 1 | . . . . . . 1 . . . . Intercept . | . . . . . . . . . . . Searches Triggered 1 | . . . . . . 1 . . . . Construction Impeded . | . . . . . . . . . . . Haulers Reinforced . | . . . . . . . . . . . Active Scanning Responses . | . . . . . . . . . . . Cargo Convoy Interrupts . | . . . . . . . . . . . Stealth | -11 -10 -10 -9 -8 -7 -6 -5 -5 -5 -5 --------- Run | Yrd Mat Min Mat Mat Fac Fac Fac Upp Upp War Distress Signals 9 | . 1 . 3 2 . 2 . . . 1 Communications Jammed . | . . . . . . . . . . . Distress Signals . | . . . . . . . . . . . Times Spotted 161 | . 31 5 36 35 14 16 . 1 . 23 Peak Tracking Total 11 | . 5 3 8 10 10 5 . 1 . 11 Tactical Retreats 21 | . 6 . 3 5 . 5 . 1 . 1 Traps | -11 -10 -10 -9 -8 -7 -6 -5 -5 -5 -5 ------- Run | Yrd Mat Min Mat Mat Fac Fac Fac Upp Upp War Traps Triggered 3 | . 1 . 1 . 1 . . . . . Indirectly . | . . . . . . . . . . . Trap Hack Attempts . | . . . . . . . . . . . Triggered . | . . . . . . . . . . . Disarmed . | . . . . . . . . . . . Reprogrammed 6 | . . . . . 6 . . . . . Reused 1 | . . . . . 1 . . . . . Traps Extracted . | . . . . . . . . . . . Installed . | . . . . . . . . . . . Triggered 14 | . . . . . 1 . . . . 13 Machines | -11 -10 -10 -9 -8 -7 -6 -5 -5 -5 -5 ---------- Run | Yrd Mat Min Mat Mat Fac Fac Fac Upp Upp War Machines Disabled 5 | . 2 . . 1 . 2 . . . . Max in Single Turn 2 | . 1 . . 1 . 2 . . . . Machines Repaired . | . . . . . . . . . . . Machines Dismantled . | . . . . . . . . . . . Machines Sabotaged . | . . . . . . . . . . . Overloaded Fab Kills 3 | . . . . . 3 . . . . . Hacking | -11 -10 -10 -9 -8 -7 -6 -5 -5 -5 -5 --------- Run | Yrd Mat Min Mat Mat Fac Fac Fac Upp Upp War Machines Accessed 35 | . 4 1 6 4 5 8 . 1 . 6 Terminals 16 | . 3 . 4 3 3 2 . 1 . . Fabricators 4 | . . . . . 2 2 . . . . Repair Stations 4 | . 1 . . 1 . 2 . . . . Recycling Units 2 | . . . 1 . . 1 . . . . Scanalyzers 2 | . . . 1 . . 1 . . . . Garrison Access . | . . . . . . . . . . . Total Hacks 58 | . 8 1 9 8 11 14 . 1 . 6 Successful 42 | . 3 1 6 5 9 11 . 1 . 6 Failed 16 | . 5 . 3 3 2 3 . . . . Catastrophic 1 | . . . 1 . . . . . . . Database Lockouts . | . . . . . . . . . . . Manual 21 | . 3 . 3 3 4 5 . 1 . 2 Terminals 27 | . 6 . 4 5 7 4 . 1 . . Fabricators 7 | . . . . . 4 3 . . . . Repair Stations 8 | . 2 . . 3 . 3 . . . . Recycling Units 5 | . . . 3 . . 2 . . . . Scanalyzers 4 | . . . 2 . . 2 . . . . Garrison Access . | . . . . . . . . . . . Terminal Hacks 24 | . 2 1 3 3 6 2 . 1 . 6 Record 9 | . . . . . 3 1 . 1 . 4 Prototype ID Bank 1 | . . . 1 . . . . . . . Open Door 3 | . . 1 . . . . . . . 2 Level Access Points 4 | . . . 1 1 1 1 . . . . Branch Access Points 1 | . 1 . . . . . . . . . Terminal Index 2 | . . . 1 1 . . . . . . Reprogram Traps 1 | . . . . . 1 . . . . . Dispatch Records 1 | . . . . . 1 . . . . . Registered Components 1 | . . . . 1 . . . . . . Registered Prototypes 1 | . 1 . . . . . . . . . Fabricator Hacks 4 | . . . . . 2 2 . . . . Load Schematic 2 | . . . . . 1 1 . . . . Build 2 | . . . . . 1 1 . . . . Repair Station Hacks 5 | . 1 . . 2 . 2 . . . . Scan Component 3 | . 1 . . 1 . 1 . . . . Repair 2 | . . . . 1 . 1 . . . . Recycling Unit Hacks 3 | . . . 1 . . 2 . . . . Process 1 | . . . . . . 1 . . . . Report Inventory 2 | . . . 1 . . 1 . . . . Scanalyzer 3 | . . . 2 . . 1 . . . . Insert Component 2 | . . . 1 . . 1 . . . . Analyze 1 | . . . 1 . . . . . . . Garrison Access Hacks . | . . . . . . . . . . . Unauthorized Hacks 3 | . . . . . 1 2 . . . . Terminals . | . . . . . . . . . . . Fabricators 2 | . . . . . 1 1 . . . . Overload 2 | . . . . . 1 1 . . . . Repair Stations . | . . . . . . . . . . . Recycling Units . | . . . . . . . . . . . Scanalyzers 1 | . . . . . . 1 . . . . Extract 1 | . . . . . . 1 . . . . Garrison Access . | . . . . . . . . . . . Data Cores Recovered 3 | . . . . 1 1 1 . . . . Used 2 | . . . . . 1 1 . . . . Hacking Detections 11 | . . . 4 2 2 3 . . . . Full Trace Events 2 | . . . . . 1 1 . . . . Feedback Events . | . . . . . . . . . . . Feedback Blocked . | . . . . . . . . . . . Robot Schematics Acquired . | . . . . . . . . . . . Robots Built . | . . . . . . . . . . . Authchips . | . . . . . . . . . . . Time . | . . . . . . . . . . . Total Robot Build Rating . | . . . . . . . . . . . Part Schematics Acquired 6 | . . . 1 . . 5 . . . . Parts Built 2 | . . . . . 1 1 . . . . Authchips . | . . . . . . . . . . . Time 109 | . . . . . 36 73 . . . . Total Part Build Rating 6 | . . . . . 3 3 . . . . Parts Repaired 2 | . . . . 1 . 1 . . . . Time 41 | . . . . 19 . 22 . . . . Parts Recycled . | . . . . . . . . . . . Recycled Matter 23 | . . . . . . 23 . . . . Retrieved Matter . | . . . . . . . . . . . Retrieved Components . | . . . . . . . . . . . Parts Scanalyzed 1 | . . . 1 . . . . . . . Part Schematics Acquired 1 | . . . 1 . . . . . . . Parts Damaged . | . . . . . . . . . . . Bothacking | -11 -10 -10 -9 -8 -7 -6 -5 -5 -5 -5 ------------ Run | Yrd Mat Min Mat Mat Fac Fac Fac Upp Upp War Used RIF Installer . | . . . . . . . . . . . Robots Hacked . | . . . . . . . . . . . Non-combat . | . . . . . . . . . . . Combat . | . . . . . . . . . . . Robot Hacks Applied . | . . . . . . . . . . . Relay Couplers Released . | . . . . . . . . . . . Fabnet Peak Effective % . | . . . . . . . . . . . Robots Rewired . | . . . . . . . . . . . Allies Hacked . | . . . . . . . . . . . Hacks Repelled . | . . . . . . . . . . . Allies | -11 -10 -10 -9 -8 -7 -6 -5 -5 -5 -5 -------- Run | Yrd Mat Min Mat Mat Fac Fac Fac Upp Upp War Total Allies . | . . . . . . . . . . . Largest Group . | . . . . . . . . . . . Highest-Rated Group . | . . . . . . . . . . . Highest-Rated Ally . | . . . . . . . . . . . Total Orders . | . . . . . . . . . . . Ally Attacks 15 | . . . 15 . . . . . . . Total Damage 72 | . . . 72 . . . . . . . Kills 1 | . . . 1 . . . . . . . Allies Corrupted . | . . . . . . . . . . . Allies Melted . | . . . . . . . . . . . Intel | -11 -10 -10 -9 -8 -7 -6 -5 -5 -5 -5 ------- Run | Yrd Mat Min Mat Mat Fac Fac Fac Upp Upp War Robot Analysis Total . | . . . . . . . . . . . Derelict Logs Recovered 3 | . . 1 . . . . . 2 . . Drone Launches 3 | . . . 3 . . . . . . . Drone Recoveries 3 | . . . 3 . . . . . . . Exploration | -11 -10 -10 -9 -8 -7 -6 -5 -5 -5 -5 ------------- Run | Yrd Mat Min Mat Mat Fac Fac Fac Upp Upp War Turns Passed 6783 | 85 2433 350 1318 623 209 562 6 159 26 1012 Spaces Moved 5250 | 47 819 168 666 642 322 747 19 434 80 1306 Core 8 | 4 . . . 1 . . . . . 3 Treads 333 | 43 281 . . . . . . . . 9 Legs 1346 | . 538 168 585 . . . . . . 55 Wheels 90 | . . . 81 9 . . . . . . Hover 1064 | . . . . . . . . . . 1064 Flight 2409 | . . . . 632 322 747 19 434 80 175 Fastest Speed 23 | 50 120 190 95 27 26 23 26 26 32 32 Average Speed 96 | 150 265 190 153 29 26 24 26 33 32 66 Slowest Speed 1100 | 160 1100 190 330 112 27 26 26 112 32 950 Overloaded Moves . | . . . . . . . . . . . Propulsion Burnouts . | . . . . . . . . . . . Robots Hopped 4 | . . . . . . 3 . 1 . . Cave-ins Triggered . | . . . . . . . . . . . Exploration Rate (%) 42 | 5 89 45 64 57 10 22 1 73 17 89 Regions Visited 10 Branch Regions 4 Pre-discovered Areas 1 | . . . . . . . . 1 . . Known Exits Taken 5 | . 1 . 1 1 1 1 . . . . Unknown Exits Taken 5 | 1 . 1 . . . . 1 1 1 . Scrap Searched 4 | . . 1 . . . . . 3 . . Spaces Dug 25 | . . . . 6 2 17 . . . . Terrain Destroyed 241 | . 35 53 . 6 2 83 . . . 62 Melee 25 | . . . . 6 2 17 . . . . Projectile 2 | . . . . . . . . . . 2 AOE 214 | . 35 53 . . . 66 . . . 60 Terrain Rammed . | . . . . . . . . . . . Walls Destroyed . | . . . . . . . . . . . Machines Disabled . | . . . . . . . . . . . Actions | -11 -10 -10 -9 -8 -7 -6 -5 -5 -5 -5 --------- Run | Yrd Mat Min Mat Mat Fac Fac Fac Upp Upp War Total 6475 | 59 951 189 828 985 429 1067 19 448 79 1421 Wait 659 | 2 14 2 62 219 73 268 . 4 . 15 Move 5232 | 46 818 167 665 641 321 740 18 431 79 1306 Hop 4 | . . . . . . 3 . 1 . . Pick Up 87 | 5 23 5 9 14 6 3 . 2 . 20 Fast Attach 38 | 5 2 . 4 8 1 4 . 1 . 13 Attach 41 | 1 5 2 3 11 2 4 1 2 . 10 Detach 10 | . . . . . 1 2 . 4 . 3 Swap 37 | . 3 . 5 14 8 4 . 1 . 2 Drop 69 | . 6 2 7 20 8 3 . 2 . 21 Fire 210 | . 77 11 69 13 6 3 . . . 31 Melee 80 | . . . . 44 3 33 . . . . Ram 1 | . . . . 1 . . . . . . Kick 7 | . 3 . 4 . . . . . . . Crush . | . . . . . . . . . . . Escape Stasis . | . . . . . . . . . . . Rewire . | . . . . . . . . . . . Trap . | . . . . . . . . . . . Miscellaneous . | . . . . . . . . . . . Route ------- -11/Scrapyard -10/Materials (discovered 4 exits: *Mat x2 / *Min x2) -10/Mines -9/Materials (discovered 4 exits: *Mat x3 / [*Min]) -8/Materials (discovered 3 exits: *Fac x3) -7/Factory (discovered 4 exits: *Fac x4) -6/Factory (discovered 4 exits: *Fac x4) -5/Factory -5/Upper Caves -5/Upper Caves -5/Warlord History --------- Turn | Location | Event 2 | -11/Scrapyard | Discovered new exit (range 16) 86 | -11/Scrapyard | Entered Materials 315 | -10/Materials | Build established: Mutant 531 | -10/Materials | Discovered new exit (range 5) 615 | -10/Materials | Build established: Hauler-Mutant 849 | -10/Materials | Discovered new exit (range 13) 1081 | -10/Materials | Lost 3 parts (1p1n1w) 1612 | -10/Materials | Discovered new exit (range 15) 1828 | -10/Materials | Build established: Mutant 2233 | -10/Materials | Discovered new exit (range 11) 2360 | -10/Materials | Identified exit to Mines 2519 | -10/Materials | Entered Mines 2671 | -10/Mines | Learned 2 Materials zone layouts 2730 | -10/Mines | Core integrity fell below 50% 2808 | -10/Mines | Discovered new exit (range 7) 2835 | -10/Mines | Found the Drone Emporium 2846 | -10/Mines | Found Prototype Device 2847 | -10/Mines | Identified Thief Drone Bay 2869 | -10/Mines | Entered Materials 2869 | -9/Materials | Evolved 2 slots: Propulsion x2 3248 | -9/Materials | Discovered new exit (range 9) 3414 | -9/Materials | Lost 3 parts (3n) 3481 | -9/Materials | Discovered new exit (range 16) 4102 | -9/Materials | Identified exit to Materials 4187 | -9/Materials | Entered another Materials area 4187 | -8/Materials | Evolved 2 slots: Utility x2 4428 | -8/Materials | Lost 5 parts (1p3n1w) 4457 | -8/Materials | Repaired Surge Thruster 4557 | -8/Materials | Core integrity fell below 50% 4659 | -8/Materials | Build established: Scavenger-Sprinter 4807 | -8/Materials | Identified exit to Factory 4810 | -8/Materials | Entered Factory 4810 | -7/Factory | Evolved 2 slots: Utility x2 4911 | -7/Factory | Identified exit to Factory 4951 | -7/Factory | Fabricated Hacking Suite? 5019 | -7/Factory | Entered another Factory area 5019 | -6/Factory | Evolved 2 slots: Power x1, Propulsion x1 5065 | -6/Factory | Repaired Lyr. Light Armor Plating 5096 | -6/Factory | Identified exit to Factory 5105 | -6/Factory | Build established: Hacker-Sprinter 5250 | -6/Factory | Fabricated Hacking Suite (x1) 5313 | -6/Factory | Spotted B-75 Beast 5369 | -6/Factory | Search patrols dispatched 5561 | -6/Factory | Garrison activated, responded to threat 5581 | -6/Factory | Entered another Factory area 5581 | -5/Factory | Evolved 2 slots: Propulsion x1, Utility x1 5585 | -5/Factory | Discovered new exit (range 9) 5587 | -5/Factory | Entered Upper Caves 5606 | -5/Upper Caves | Spotted B-75 Beast 5650 | -5/Upper Caves | Lost 4 parts (3n1u) 5670 | -5/Upper Caves | Learned location of Armory (-3) 5694 | -5/Upper Caves | Learned 8 Factory zone layouts 5742 | -5/Upper Caves | Discovered new exit (range 13) 5746 | -5/Upper Caves | Entered another Upper Caves area 5748 | -5/Upper Caves | Discovered new exit (range 8) 5772 | -5/Upper Caves | Entered Warlord 5986 | -5/Warlord | Found Prototype Energy Gun 6073 | -5/Warlord | Met Warlord 6098 | -5/Warlord | Warlord's base attacked by MAIN.C 6132 | -5/Warlord | Build established: Hacker-Mutant 6309 | -5/Warlord | Opened side exit 6448 | -5/Warlord | Warlord forces counterattacked 6613 | -5/Warlord | P-70 Sage assimilated allied 1G-3KG(g) 6617 | -5/Warlord | Spotted Executioner 6651 | -5/Warlord | Lost 10 allies 6681 | -5/Warlord | Destroyed Executioner 6704 | -5/Warlord | Spotted B-86 Titan 6707 | -5/Warlord | System corruption reached 10% 6710 | -5/Warlord | Core integrity fell below 50% 6712 | -5/Warlord | Spotted Striker 6760 | -5/Warlord | Lost 19 parts (3p8n4u4w) 6765 | -5/Warlord | Found Prototype Ballistic Cannon 6765 | -5/Warlord | Identified Hvy. Autocannon 6766 | -5/Warlord | Core integrity fell below 20% 6768 | -5/Warlord | Destroyed Striker 6773 | -5/Warlord | Warlord base infiltrated, sounded retreat 6784 | -5/Warlord | Destroyed by B-86 Titan with Railgun Last Messages --------------- Penetrated by Slug. Striker destroyed. Flexi-carbon Leg destroyed. Critical hit (Burn: +37). Penetrated by Slug. Destroyed Lgt. Angular Momentum Engine. Structural Scanner destroyed. Critical hit (Blast). Penetrated by Slug. Slug penetrates G-67 Veteran. ANNOUNCEMENT: Base interior infiltrated, regroup at designated outer cave rendezvous points. G-67 Veteran destroyed. Penetrated by Slug. Hvy. Autocannon destroyed. System corrupted: IFF burst signal emitted. Slug penetrates Blast Doors. Penetrated by Slug. Slug penetrates I-47 Archangel. Slug penetrates Blast Doors. Map ----- +----------------------------------------------------+ | ""##""" # ### ##????????????? | | "] ""##""" # ###! % ##????????????? | | "] "##""" # """ ### ##????????????? | | " ## # """ ### ##????????????? | | """"[[ ######### """ #########????????????? | | ######## ####### #########????????????? | | ########//##???## ##???????????????????? | | ####### ##???????????????????? | | #######+##+#+## ##???????????????????? | | ### # ##???##"?????????????? | | ############# # ##???##""##??????????? | | ############# """"" + ###??##""##??????????? | | ######?????## """"" # #######""##??????????? | | ##?????## """"" # ######""############# | | ##?????###+##### # #;####""############# | | ##?????### ####### # ""!=! ["##[ = | | ##?????### ##### % =%=; *%""**%== ! %=! | | ##?????### ##### %= ;=%*"" *==! =*%% | | ##?????## % ]*g [%%%=%%%%%%% %* | | ##?????### !!%% %*g%=[%!%=[% %%[%=[% | | ####???### *!^h%%%=%!= =! =% | | ############## % % =i%%=%h[!%%!%!%*|*% | | # ### ######## % % = =*%!""[!%!!!! = [ | | ] ! =% !=""[*%!=**= | | ####### % %! # ""=!%"#= | | ####### @= #######""######%### | | ####### #######""########### | | #"!!!## ##???##""##??######### | | " # ##???##""##????????### | | "X / ##??????"##??????????? | | " X"## ##???????????????????? | | !!"""## ##???????????????????? | | !!"""##### ##+######## ##???????????????????? | | ########## ## # ##???????????????????? | | ######### ## # ##???????????????????? | | # ##### ## # ##????????????????#### | | # ##### ## + ##???????????????##### | | # ##### ## # ##???????????????### | | # #### # # ##???????????????## | | # + # # ##???????????????## | | # #### # # ##???????????????## | | # ##### ## # ##???????????????##### | | # ##### ########/## ##???????????????##### | | # ##?## ######## ##???????????????????# | | #######?## ##????## ^ ###??????????????????# | | # ##### ###???## ^ ###??????????????????# | | # ##### ###???## ##??????????????????# | | # #### ##?#### ##??????????????????# | | # / ##?#######+#### ##?????#####????????# | | # # ## ##?## # ##################### | +----------------------------------------------------+ Best States ------------- Heat Dissipation 54 Energy Generation 24 Energy Capacity 310 Matter Stores 300 Matter Capacity 300 Sight Range 16 Terrain Scan Density 10 ECM Strength 1 Armor Coverage 225 Core Shielding 20 Evasion (%) 64 Recoil Reduction 2 Offensive Hacking 40 Item Schematics ----------------- Hacking Suite | -9/Materials | Scanalyzed Great Axe | -6/Factory | Extracted Imp. Datajack | -6/Factory | Extracted Weight Redist. System | -6/Factory | Extracted Lgt. Angular Momentum Engine | -6/Factory | Extracted Mic. Nuclear Core | -6/Factory | Extracted Robot Schematics ------------------ None Fabricated ------------ Hacking Suite | x1 | -7/Factory Hacking Suite | x1 | -6/Factory Alien Tech Used ----------------- None Achievements -------------- Brute Force Party Time Ride The Lightning Challenges ------------ None Game ------ Seed PrecisionSigixThruster Manual? 0 Play Time 01:37:04 Cumulative 18.5 hours Start 2024.05.05 @ 01:36:34 End 2024.05.05 @ 10:51:13 Sessions 3 Manual Loads 0 Difficulty Rogue Special Mode None Game No. 33 Rogue 33 Adventurer 0 Explorer 0 Win Type - Total 0 Types 0/0/0/0/0/0/0/0/0 Lore% 23 Gallery% 24 Achievement% 21 Wizard Run 0 Options --------- Layout 1 ASCII 0 Keyboard 0 Movement Numpad Keybinds 0 Fullscreen 2 Font 32/SmallcapsGlow Map View 50x35 Zoom Use 0% Tactical HUD 0 Map Filters NONE Filters NONE Steam 1 RUN: 7a12b0e9-0026-4d9e-a05f-0133fe6b825d